AoeStats
← VaimX

Arena

509638072Analyzed
4v4 RM · 6d ago on Sep 27, 2026· 68m 1s· 8 players
Game mode
Random Map
Map size
Large (8 player)
Population
200
Speed
Normal
Resources
Standard
Victory
Conquest
Starting age
Dark Age
Ending age
Imperial Age
RankedLock teamsTeams togetherTeam positionsShared explorationLock speedFull tech treeHidden civsTurbo modeCheats
Victory
Defeat
🇬🇧 Mongols · United Kingdom
1020
+13
🇫🇷 Burgundians · France
931
+17
🇫🇷 Teutons · France
928
+17
🇪🇨 Teutons · Ecuador
916
+17
🇹🇼 Huns · Taiwan
1031
-19
🇨🇳 Portuguese · China
956
-16
🇪🇸 Inca · Spain
938
-16
🇹🇼 Khmer · Taiwan
880
-13
AYUDA-PERÚ
9:59 Feudal Age
12:29 Forging
14:49 Castle Age
15:50 Loom
22:17 Fletching
28:32 Pikeman
47:58 Double-Bit Axe
47:54 Horse Collar
48:17 Squires
48:03 Arson
51:34 Imperial Age
52:44 Iron Casting
52:10 Scale Mail Armor
54:08 Conscription
53:49 Andean Sling
54:07 Chain Mail Armor
56:22 Blast Furnace
56:25 Plate Mail Armor
58:28 Wheelbarrow
59:24 Murder Holes
62:02 Elite Kamayuk
63:31 Bow Saw
63:28 Heavy Plow
64:42 Bodkin Arrow
65:10 Ballistics
64:31 Treadmill Crane
66:02 Fabric Shields
LoGR_StrAtoS
10:59 Feudal Age
15:10 Castle Age
13:14 Loom
13:15 Horse Collar
14:52 Double-Bit Axe
17:23 Gold Mining
17:46 Bow Saw
22:33 Forging
27:28 Marauders
30:40 Bloodlines
30:30 Husbandry
31:35 Stone Mining
33:50 Gold Shaft Mining
50:45 Imperial Age
47:40 Light Cavalry
51:00 Hussar
65:36 Parthian Tactics
65:31 Thumb Ring
66:13 Parthian Tactics
68:12 Fletching
wdog30213
11:25 Feudal Age
10:31 Loom
14:26 Castle Age
13:07 Horse Collar
13:36 Double-Bit Axe
13:54 Gold Mining
15:50 Wheelbarrow
24:29 Heavy Plow
24:54 Bow Saw
28:51 Imperial Age
29:03 Scale Barding Armor
29:34 Forging
29:56 Chain Barding Armor
32:12 Plate Barding Armor
31:56 Siege Engineers
32:52 Chemistry
31:53 Murder Holes
32:34 Forging
32:51 Ballistics
32:43 Fortified Wall
33:02 Husbandry
33:15 Bloodlines
32:26 Light Cavalry
33:57 Hussar
35:32 Double Crossbow
36:25 Iron Casting
37:26 Elite Ballista Elephant
52:21 Blast Furnace
51:15 Fletching
1625953570
11:21 Feudal Age
14:53 Castle Age
13:22 Double-Bit Axe
13:22 Horse Collar
25:25 Wheelbarrow
24:38 Loom
28:20 Hand Cart
30:23 Circumnavigation
33:06 Imperial Age
30:39 Fletching
31:07 Masonry
33:37 Bodkin Arrow
34:48 Conscription
34:41 Siege Engineers
34:49 Fortified Wall
35:29 Architecture
35:25 Bloodlines
34:36 Light Cavalry
35:17 Husbandry
35:28 Bloodlines
36:40 Chemistry
35:43 Murder Holes
36:19 Architecture
38:44 Arquebus
39:22 Bracer
39:33 Forging
39:29 Scale Barding Armor
40:49 Ballistics
42:43 Iron Casting
42:30 Chain Barding Armor
42:03 Pikeman
42:47 Town Watch
45:05 Blast Furnace
44:41 Plate Barding Armor
44:23 Halberdier
46:58 Scale Mail Armor
47:20 Bombard Tower
46:41 Treadmill Crane
50:46 Chain Mail Armor
52:46 Plate Mail Armor
59:00 Elite Organ Gun
61:37 Padded Archer Armor
62:09 Thumb Ring
62:35 Gold Mining
62:35 Stone Mining
67:06 Leather Archer Armor
Accor
3:01 Loom
9:46 Feudal Age
10:20 Horse Collar
10:34 Double-Bit Axe
16:33 Castle Age
17:22 Fletching
17:43 Heavy Plow
17:55 Bow Saw
18:18 Bodkin Arrow
21:09 Pikeman
23:39 Scale Mail Armor
24:18 Forging
26:10 Chain Mail Armor
27:02 Squires
28:03 Padded Archer Armor
28:41 Iron Casting
34:35 Imperial Age
33:20 Wheelbarrow
32:31 Town Watch
34:53 Onager
35:56 Conscription
37:21 Drill
38:24 Chemistry
42:16 Plate Mail Armor
42:46 Blast Furnace
42:16 Siege Onager
56:20 Elite Mangudai
57:27 Ballistics
57:10 Bracer
57:11 Padded Archer Armor
Donald
6:53 Loom
10:29 Feudal Age
11:09 Double-Bit Axe
11:46 Fletching
21:01 Castle Age
19:00 Horse Collar
21:03 Wheelbarrow
23:55 Bow Saw
24:55 Guard Tower
27:28 Heavy Plow
32:05 Hand Cart
35:25 Imperial Age
33:49 Scale Barding Armor
34:16 Masonry
34:50 Chain Barding Armor
35:39 Bloodlines
37:12 Chemistry
37:54 Plate Barding Armor
37:10 Cavalier
40:44 Forging
42:20 Iron Casting
44:54 Blast Furnace
43:36 Paladin
52:35 Scale Mail Armor
53:38 Chain Mail Armor
53:46 Man-at-Arms
54:11 Gambesons
54:27 Squires
55:19 Plate Mail Armor
54:55 Gold Mining
54:29 Long Swordsman
54:58 Arson
55:15 Two-Handed Swordsman
56:38 Siege Engineers
56:54 Ballistics
56:45 Fortified Wall
57:10 Keep
56:45 Champion
58:49 Town Watch
62:31 Pikeman
65:01 Crop Rotation
65:38 Halberdier
68:26 Bodkin Arrow
VaimX
9:36 Feudal Age
10:51 Wheelbarrow
10:02 Double-Bit Axe
9:59 Horse Collar
17:25 Castle Age
15:51 Stone Mining
18:13 Gold Mining
20:59 Town Watch
25:03 Forging
24:53 Man-at-Arms
27:27 Man-at-Arms
28:33 Scale Mail Armor
30:36 Stone Shaft Mining
30:54 Man-at-Arms
31:57 Scale Barding Armor
32:46 Heavy Plow
34:17 Hand Cart
34:16 Bow Saw
33:37 Long Swordsman
40:21 Imperial Age
37:23 Pikeman
40:17 Fletching
40:27 Padded Archer Armor
40:37 Capped Ram
40:53 Crossbowman
41:20 Elite Skirmisher
42:21 Masonry
43:03 Bloodlines
43:32 Cavalier
48:03 Crop Rotation
48:19 Paladin
49:43 Town Patrol
50:10 Ballistics
51:50 Chain Mail Armor
52:10 Iron Casting
53:22 Caravan
54:04 Plate Mail Armor
53:46 Two-Handed Swordsman
55:29 Sanctity
55:36 Squires
58:00 Chain Barding Armor
58:15 Iron Casting
59:21 Chemistry
58:51 Two-Handed Swordsman
64:00 Iron Casting
63:57 Gambesons
65:05 Capped Ram
67:16 Blast Furnace
66:13 Bodkin Arrow
67:07 Champion
lavive3113
9:58 Feudal Age
8:37 Double-Bit Axe
9:18 Horse Collar
11:05 Bow Saw
10:57 Heavy Plow
13:28 Wheelbarrow
18:40 Castle Age
16:54 Fletching
17:07 Padded Archer Armor
17:17 Forging
17:59 Gold Mining
19:30 Gold Shaft Mining
26:06 Crop Rotation
26:16 Pikeman
26:57 Squires
26:44 Arson
28:41 Fortified Wall
30:02 Hand Cart
30:29 Treadmill Crane
30:44 Murder Holes
31:40 Stone Mining
33:09 Burgundian Vineyards
35:16 Two-Man Saw
36:57 Imperial Age
34:17 Town Watch
34:18 Loom
36:14 Stone Shaft Mining
36:01 Caravan
37:10 Town Patrol
37:46 Bodkin Arrow
38:07 Leather Archer Armor
38:58 Chemistry
37:49 Guard Tower
38:19 Ballistics
38:10 Masonry
38:09 Scale Barding Armor
38:40 Iron Casting
39:39 Conscription
40:20 Hoardings
39:50 Arrowslits
40:09 Bracer
39:49 Halberdier
40:32 Scale Mail Armor
40:44 Elite Coustillier
42:15 Elite Skirmisher
42:16 Crossbowman
43:59 Chain Barding Armor
43:55 Chain Mail Armor
43:46 Husbandry
56:06 Plate Barding Armor
56:32 Blast Furnace
Connection lost

Rejoining the realm…

Still unreachable

The connection could not be restored.

Session expired

The server has moved on; the page needs a fresh start.